 Dungeon Crawl Stone Soup version 0.32-a0-711-g016ad743e0 (webtiles) character file.

Game seed: 14026984999416649136

50 Doorstop00 the Trooper (level 3, -1/51 HPs)
             Began as a Minotaur Berserker on Mar 15, 2024.
             Was a Believer of Trog.
             Killed from afar by Natasha (9 damage)
             ... with a magic dart
             ... on level 2 of the Dungeon.
             The game lasted 00:04:36 (1299 turns).

Doorstop00 the Trooper (Minotaur Berserker)         Turns: 1299, Time: 00:04:37

Health: -1/51      AC:  9    Str: 23    XL:     3   Next: 55%
Magic:  2/2        EV:  8    Int:  4    God:    Trog [**....]
Gold:   114        SH:  0    Dex:  9    Spells: 2/2 levels left

rFire   . . .        a - +0 hand axe
rCold   . . .        (no shield)
rNeg    . . .        c - +0 chain mail
rPois   .            (helmet restricted)
rElec   .            (no cloak)
rCorr   .            (no gloves)
SInv    +            (no boots)
Will    .....        (no amulet) Stlth
                     b - ring of see invisible
HPRegen 0.28/turn    (no ring)
MPRegen 0.08/turn

%: no passive effects
@: berserking, very quick
A: horns 2, retaliatory headbutt
a: Renounce Religion, Berserk, Trog's Hand


You were on level 2 of the Dungeon.
You worshipped Trog.
Trog was pleased with you.
You visited 1 branch of the dungeon, and saw 2 of its levels.

You collected 114 gold pieces.

Inventory:

Hand Weapons
 a - a +0 hand axe (weapon)
Armour
 c - a +0 chain mail (worn)
Jewellery
 b - a ring of see invisible (left hand)
Scrolls
 d - a scroll of identify {unknown}


   Skills:
 * Level 4.7 Fighting
 * Level 4.1 Axes
 * Level 0.2(2.5) Maces & Flails
 * Level 2.8 Armour
 * Level 2.4 Dodging


You had 2 spell levels left.
You didn't know any spells.
Your spell library was empty.

Dungeon Overview and Level Annotations

Branches:
Dungeon (2/15)

Altars:
Vehumet

Annotations:
D:2 Natasha


Innate Abilities, Weirdness & Mutations

You have a pair of horns on your head.
You reflexively headbutt those who attack you in melee.


Message History

You headbutt the cerulean imp!
The cerulean imp is heavily wounded.
Natasha mumbles some strange words.
The cerulean imp hits you but does no damage.
You barely miss the cerulean imp.
The cerulean imp is heavily wounded.
You closely miss the cerulean imp.
The cerulean imp hits you but does no damage. x2
You closely miss the cerulean imp.
The cerulean imp is heavily wounded.
You miss the cerulean imp.
The cerulean imp hits you but does no damage.
The cerulean imp hits you with a +2 spear.
A red film seems to cover your vision as you go berserk!
You feel yourself moving faster!
You feel mighty!
The cerulean imp hits you but does no damage.
The cerulean imp closely misses you.
You closely miss the cerulean imp.
The cerulean imp is heavily wounded.
You barely miss the cerulean imp. The cerulean imp barely misses you.
The cerulean imp hits you with a +2 spear.
You barely miss the cerulean imp. Your headbutt misses the cerulean imp.
The cerulean imp is heavily wounded.
You completely miss the cerulean imp.
The cerulean imp hits you but does no damage. x2
The cerulean imp hits you with a +2 spear.
You slash the cerulean imp!
You kill the cerulean imp!
The cerulean imp disappears in a puff of smoke!
You slash the cerulean imp! Natasha casts a spell at you.
The magic dart hits you.
* * * LOW HITPOINT WARNING * * *
The cerulean imp hits you with a +2 spear.
* * * LOW HITPOINT WARNING * * *
The cerulean imp barely misses you. Natasha casts a spell at you.
The magic dart hits you!
You die...
Natasha begins licking her fur clean.

######## #......#
#.####.# #.# #.# #
#####.####.# #.
###5.......#.##
##.##h@...#.##..#.##
...#....5###.#....###.##
#........# #.....##
##.## #..#...### ###..##
##.# #... #..†## ##.##
...## ###..###.## #
###.# #.#.#.## # # #.###
### ###.##.## # # ##...#
... #...##.# #


You could see Natasha and 2 cerulean imps.

Vanquished Creatures
  A gnoll (D:1)
  An adder (D:2)
  2 bats
  5 endoplasms
  3 giant cockroaches
  4 goblins (D:1)
  4 hobgoblins
  2 ball pythons (D:2)
  3 kobolds
  5 rats
30 creatures vanquished.

Notes
Turn   | Place    | Note
-------+----------+-------------------------------------------
     0 | D:1      | Doorstop00 the Minotaur Berserker began the quest for the
                  | Orb.
     0 | D:1      | Reached XP level 1. HP: 19/19 MP: 0/0
   135 | D:1      | Reached XP level 2. HP: 25/27 MP: 1/1
   464 | D:1      | Reached XP level 3. HP: 29/34 MP: 2/2
   826 | D:2      | Found a radiant altar of Vehumet.
  1227 | D:2      | Reached ** piety under Trog
  1281 | D:2      | Noticed Natasha
  1299 | D:2      | Killed from afar by Natasha

Illustrated notes

Levels and vault maps discovered:
D:1:      minmay_arrival_cross, layout_loops_ring, dk_noncrumbling_4
D:2:      layout_loops_corners, basic_altar, minmay_quantized, uniq_natasha,
          uniq_terence

Skill      XL: |  1  2 |
---------------+-------+-----
Axes           | 4 |  4.1
Fighting       | 4 |  4.7
Maces & Flails | |  0.2
Armour         | |  2.8
Dodging        | |  2.4

Action                     || total
---------------------------++-------
  Melee: Hand axe          ||    74
         Headbutt          ||     7
 Invoke: Berserk           ||     1
    Use: Scroll            ||     3
 Armour: Animal skin       ||    13
         Chain mail        ||    44
  Dodge: Dodged            ||    35

Table legend: (Time is in decaauts)
 A = Elapsed time spent in this place.
 B = Non-inter-level travel time spent in this place.
 C = Inter-level travel time spent in this place.
 D = Time resting spent in this place.
 E = Time spent auto-exploring this place.
 F = Levels seen in this place.
 G = Mean time per level.
                   A        B        C        D        E       F      G
               +--------+--------+--------+--------+--------+-----+--------+
         Total |   1304 |   1304 |      0 |      0 |    951 |   2 |  652.0 |
       Dungeon |   1304 |   1304 |      0 |      0 |    951 |   2 |  652.0 |
               +--------+--------+--------+--------+--------+-----+--------+

Top non-repeatable levels by time:
     D:1: 751 daAuts
     D:2: 553 daAuts
